 Dungeon Crawl Stone Soup version 0.26-a0-597-gb535b0901c (webtiles) character file.

Game seed: 12832736689232848596

760842 Phyllomedusabicolor the Slayer (level 27, -9/308 HPs)
             Began as an Ogre Ice Elementalist on Aug 26, 2020.
             Was the Champion of Ashenzari.
             Killed from afar by an ancient champion (55 damage)
             ... with an iron shot
             ... led by the effects of Hell
             ... on level 7 of the Iron City of Dis on Aug 27, 2020.
             The game lasted 03:27:30 (90009 turns).

Phyllomedusabicolor the Slayer (OgIE)              Turns: 90009, Time: 03:27:32

Health: -9/308     AC: 32    Str: 27    XL:     27
Magic:  39/46      EV:  8    Int: 22    God:    Ashenzari [******]
Gold:   9334       SH: 29    Dex:  9    Spells: 24/64 levels left

rFire    + + +     SeeInvis +   Z - +8 demon trident "Rift" {distort, reach+} (curse)
rCold    + + +     Faith    .   k - +8 tower shield {rC+ rF+} (curse)
rNeg     + + .     Spirit   .   V - +2 gold dragon scales (curse)
rPois    +         Reflect  .   B - +1 hat (curse)
rElec    +         Harm     .   c - +0 cloak of a Billion Gods {rF+} (curse)
rCorr    +         Clarity  +   (gloves unavailable)
MR       +++..                  (boots unavailable)
Stlth    ..........             a - amulet of Midsummer {RegenMP rElec rC+ Str+3} (curse)
HPRegen  0.61/turn              n - ring "Ciomeug" {MR+ Slay+2 Stlth-} (curse)
MPRegen  0.55/turn              M - ring of Lihizak {rN++ rCorr Str+3 Int-2 SInv} (curse)

@: no status effects
A: large, unfitting armour, blurry vision 1, tough skin 1, wild magic 1,
MP-powered wands, sturdy frame 1
}: 5/15 runes: decaying, serpentine, slimy, silver, obsidian
a: Curse Item, Scrying, Transfer Knowledge, Renounce Religion


You were on level 7 of the Iron City of Dis.
You worshipped Ashenzari.
Ashenzari was exalted by your worship.
You visited 14 branches of the dungeon, and saw 68 of its levels.
You visited 1 bazaar.
You also visited: Bailey, Gauntlet, Ice Cave and Volcano.

You collected 12706 gold pieces.
You spent 3372 gold pieces at shops.

Inventory:

Hand Weapons
 y - the +10 morningstar "Eos" {elec, Halo rElec}
   (You took it off a deep elf elementalist on level 3 of the Elven Halls)

   Occasionally, upon striking a foe, it will discharge some electrical energy
   and cause terrible harm.
   It insulates you from electricity.
 X - the +8 whip "Snakebite" {curare, rPois}
   (You bought it in a shop in a bazaar)

   It poisons the flesh of those it strikes.
   It protects you from poison.
 Z - the cursed +8 demon trident "Rift" (weapon) {distort, reach+}
   (You found it on level 3 of the Elven Halls)

   It warps and distorts space around it.
   Unwielding it can cause banishment or high damage.
   It has a curse placed upon it.
Missiles
 o - 154 large rocks (quivered)
Armour
 c - the cursed +0 cloak of a Billion Gods (worn) {rF+}
   (You bought it in a shop on level 2 of the Orcish Mines)

   It protects you from fire.
   It has a curse placed upon it.
 k - a cursed +8 tower shield of resistance (worn)
 B - a cursed +1 hat (worn)
 V - cursed +2 gold dragon scales (worn)
Jewellery
 a - the cursed amulet of Midsummer (around neck) {RegenMP rElec rC+ Str+3}
   (You found it on level 4 of the Depths)

   [amulet of magic regeneration]

   It increases your magic regeneration.
   It affects your strength (+3).
   It protects you from cold.
   It insulates you from electricity.
   It has a curse placed upon it.
 n - the cursed ring "Ciomeug" (left hand) {MR+ Slay+2 Stlth-}
   (You took it off a minotaur in a Gauntlet)

   [ring of attention]

   It affects your accuracy and damage with ranged weapons and melee attacks
   (+2).
   It affects your resistance to hostile enchantments.
   It makes you less stealthy.
   It has a curse placed upon it.
 M - the cursed ring of Lihizak (right hand) {rN++ rCorr Str+3 Int-2 SInv}
   (You found it on level 3 of the Depths)

   [ring of resist corrosion]

   It affects your strength (+3).
   It affects your intelligence (-2).
   It greatly protects you from negative energy.
   It lets you see invisible.
   It provides partial protection from all sources of acid and corrosion.
   It has a curse placed upon it.
 R - the ring "Ydyxak" {+Blink rElec rC+ MR- Slay+5}
   (You took it off a yaktaur captain on level 3 of the Depths)

   [ring of protection from cold]

   It affects your accuracy and damage with ranged weapons and melee attacks
   (+5).
   It protects you from cold.
   It insulates you from electricity.
   It affects your resistance to hostile enchantments.
   It lets you blink.
Wands
 w - a wand of acid (25)
 D - a wand of digging (18)
 F - a wand of flame (23)
 G - a wand of paralysis (34)
 H - a wand of iceblast (95)
 L - a wand of disintegration (62)
Scrolls
 d - 10 scrolls of immolation
 e - 23 scrolls of teleportation
 m - a scroll of summoning
 p - 4 scrolls of magic mapping
 r - 6 scrolls of remove curse
 t - 7 scrolls of blinking
 u - 5 scrolls of holy word
 x - 6 scrolls of amnesia
 N - 17 scrolls of fog
 U - 5 scrolls of silence
Potions
 b - 5 potions of mutation
 f - 11 potions of flight
 g - 5 potions of invisibility
 h - 4 potions of ambrosia
 i - 19 potions of curing
 j - 13 potions of lignification
 l - a potion of resistance
 q - 8 potions of berserk rage
 v - 7 potions of haste
 I - 8 potions of brilliance
 K - a potion of magic
 P - 9 potions of might
 Q - 9 potions of heal wounds
 Y - 3 potions of stabbing
Miscellaneous
 C - a condenser vane (2/2)
 O - a phantom mirror


   Skills:
 - Level 23.7 Fighting
   Level 2.2(11.2) Axes
 - Level 16.3(20.2) Polearms
 + Level 21.2(25.8) Armour
 - Level 5.0 Dodging
 - Level 1.4 Stealth
 - Level 12.6(15.3) Shields
 - Level 19.1 Spellcasting
   Level 5.1(9.6) Conjurations
 - Level 5.5(10.0) Hexes
 - Level 3.4(7.4) Summonings
 - Level 11.1(15.3) Necromancy
 - Level 9.4(13.7) Transmutations
 - Level 15.6(19.6) Ice Magic
 - Level 22.7(26.0) Air Magic
 - Level 9.4(13.7) Earth Magic


You had 24 spell levels left.
You knew the following spells:

 Your Spells              Type           Power        Failure   Level
d - Ozocubu's Armour      Ice            #######.     1%          3
f - Swiftness             Air            ########     1%          2
g - Airstrike             Air            ########..   1%          4
i - Ozocubu's Refrigerat  Ice            #######...   1%          6
j - Tornado               Air            ########..   34%         9
k - Summon Mana Viper     Hex/Summ       ######..     13%         5
l - Borgnjor's Vile Clut  Necr/Erth      #######...   1%          5
m - Statue Form           Tmut/Erth      #######..    10%         6

Your spell library contained the following spells:

 Spells                   Type           Power        Failure   Level
 Animate Skeleton         Necr           ######       1%          1
 Beastly Appendage        Tmut           ######       1%          1
 Corona                   Hex            ######.      1%          1
 Freeze                   Ice            ####         1%          1
 Magic Dart               Conj           ####         1%          1
 Pain                     Necr           ####         1%          1
 Sandblast                Erth           ######       1%          1
 Shock                    Conj/Air       ####         1%          1
 Sting                    Tmut/Pois      ####         1%          1
 Summon Small Mammal      Summ           ####         1%          1
 Call Imp                 Summ           ######..     1%          2
 Corpse Rot               Necr/Air       N/A          1%          2
 Ensorcelled Hibernation  Hex/Ice        ######       1%          2
 Passwall                 Tmut/Erth      #######.     1%          2
 Poisonous Vapours        Pois/Air       ######       1%          2
 Searing Ray              Conj           ######       1%          2
 Wereblood                Tmut           #######.     1%          2
 Confusing Touch          Hex            ######..     1%          3
 Dazzling Flash           Conj/Hex       ######       1%          3
 Frozen Ramparts          Ice            ######       1%          3
 Mephitic Cloud           Conj/Pois/Air  #######.     1%          3
 Static Discharge         Conj/Air       #######.     1%          3
 Stone Arrow              Conj/Erth      ######       1%          3
 Tukima's Dance           Hex            ######..     1%          3
 Vampiric Draining        Necr           #######...   1%          3
 Animate Dead             Necr           #######...   1%          4
 Hailstorm                Conj/Ice       #######.     1%          4
 Ice Form                 Ice/Tmut       #######.     1%          4
 Leda's Liquefaction      Hex/Erth       #######...   1%          4
 Petrify                  Tmut/Erth      #######.     1%          4
 Summon Ice Beast         Ice/Summ       #######.     1%          4
 Summon Lightning Spire   Summ/Air       #######.     1%          4
 Agony                    Necr           #######.     1%          5
 Excruciating Wounds      Necr           #######...   1%          5
 Lightning Bolt           Conj/Air       #######...   1%          5
 Metabolic Englaciation   Hex/Ice        #######...   1%          5
 Silence                  Hex/Air        #######...   1%          5
 Freezing Cloud           Conj/Ice/Air   #######...   1%          6
 Foxfire                  Conj/Fire      ####         2%          1
 Summon Guardian Golem    Hex/Summ       ######..     2%          3
 Blade Hands              Tmut           #######...   2%          5
 Lee's Rapid Deconstruct  Erth           #######...   2%          5
 Conjure Ball Lightning   Conj/Air       #######...   2%          6
 Simulacrum               Ice/Necr       #######...   2%          6
 Call Canine Familiar     Summ           ######..     3%          3
 Spider Form              Tmut/Pois      ######....   3%          3
 Cause Fear               Hex            ######....   3%          4
 Fulminant Prism          Conj/Hex       ######....   3%          4
 Irradiate                Conj/Tmut      #######...   4%          5
 Yara's Violent Unravell  Hex/Tmut       #######...   4%          5
 Death Channel            Necr           #######...   5%          6
 Conjure Flame            Conj/Fire      ######..     7%          3
 Inner Flame              Hex/Fire       ######..     7%          3
 Portal Projectile        Hex/Tloc       ######       7%          3
 Ignite Poison            Fire/Tmut/Pois ######..     8%          3
 Hydra Form               Tmut           #######...   10%         6
 Apportation              Tloc           ####..       13%         1
 Bolt of Magma            Conj/Fire/Erth ######....   17%         5
 Iskenderun's Mystic Bla  Conj/Tloc      ######..     21%         4
 Sticky Flame             Conj/Fire      ######..     21%         4
 Iron Shot                Conj/Erth      #######...   22%         6
 Alistair's Intoxication  Tmut/Pois      ######...    24%         5
 Teleport Other           Tloc           ####....     34%         3
 Invisibility             Hex            ######..     38%         6
 Dragon Form              Tmut           #######...   43%         7
 Fireball                 Conj/Fire      ######....   45%         5
 Summon Forest            Summ/Tloc      ######....   61%         5
 Olgreb's Toxic Radiance  Pois           ####....     73%         4
 Shadow Creatures         Summ           N/A          73%         6
 Eringya's Noxious Bog    Tmut/Pois      ######....   75%         6
 Borgnjor's Revivificati  Necr           #######...   87%         8
 Starburst                Conj/Fire      ######....   95%         6
 Spellforged Servitor     Conj/Summ      ######....   98%         7
 Summon Hydra             Summ           ######....   99%         7
 Malign Gateway           Summ/Tloc      ######....   100%        7
 Disjunction              Tloc           ####......   100%        8
 Ignition                 Fire           ####......   100%        8
 Dragon's Call            Summ           ######....   100%        9
 Shatter                  Erth           #######...   100%        9


Dungeon Overview and Level Annotations

Branches:
Dungeon (15/15)            Temple (1/1) D:4            Lair (6/6) D:8
  Swamp (4/4) Lair:4        Snake (4/4) Lair:2        Slime (5/5) Lair:6
    Orc (2/2) D:10            Elf (3/3) Orc:2        Vaults (5/5) D:14
  Crypt (3/3) Vaults:2       Tomb (0/3) Crypt:3      Depths (5/5) D:15
   Hell (visited)             Dis (7/7) Hell            Geh (7/7) Hell
    Coc (0/7) Hell            Tar (0/7) Hell            Zot (0/5) Depths:5
 Bailey (visited)           IceCv (visited)         Volcano (visited)
Gauntlet (visited)

Altars:
Ashenzari
Cheibriados
Dithmenos
Elyvilon
Fedhas
Gozag
Hepliaklqana
Kikubaaqudgha
Nemelex Xobeh
Okawaru
Qazlal
Trog
Uskayaw
Xom
Yredelemnul
Zin
The Shining One
Beogh
Jiyva

Shops:
D:9 [!?   D:12 *   Orc:2 ![([(   Elf:3 [   Snake:4 [   Vaults:3 *
Depths:1 =}}

Portals:
Hell: Depths:1 Depths:2 Depths:3 Depths:4 Depths:5
Abyss: Depths:4 Depths:5
Pandemonium: Depths:3
Ziggurat: Depths:2

Annotations:
D:12 3 runed translucent doors, exclusion: obsidian statue, ch1llma's ghost, journeyman GnMo
Elf:2 5 runed translucent doors
Abyss:1 Asmodeus; Geryon; Jory; Mennas


Innate Abilities, Weirdness & Mutations

You are too large for most types of armour.
You have tough skin. (AC +1)
Scrolls take you a little longer to read.
Your spells are a little harder to cast, but a little more powerful.
You expend magic power (3 MP) to strengthen your wands.
Your movements are slightly less encumbered by armour. (ER -2)


Message History

You hit the ancient champion but do no damage.
Space bends around the ancient champion.
The ancient champion is almost destroyed.
The winds around you calm down.
Evoke which item? (* to show all) (? for menu, Esc to quit)
Okay, then.
Unknown command.
Casting: Tornado (dangerous; 34% risk of failure)
Confirm with . or Enter, or press ? or * to list all spells.
Okay, then.
Unknown command.
Casting: Tornado (dangerous; 34% risk of failure)
Confirm with . or Enter, or press ? or * to list all spells.
Press: ? - help, Dir - move target cursor, f - ancient champion
Aim: an ancient champion, wielding a +2 battleaxe of flaming and wearing a +0 plate armour (almost destroyed, fast)
The air twists around and strikes the ancient champion but does no damage.
You block the ancient champion's attack.
The ancient champion casts a spell at you.
The iron shot hits you!!!
You die...

, , #...................####..
,,, #...............§.........
,,,
##..............####.......
,,,, #.............###*
###..... ,, ,, #............##
, .,*##.... , ,
##.....##+##### ,... , ##'#. *
,*#......#...†.##..8..8,,#..#.
,,, #......#....z+......,
,#..#. *
*##......#..z@.#......, ####.
*{ #.......####### ..... , ##
*, *#..........#* ,,.... , , #
, *#......[..## , ,,... , ,, #
,^ ##.........# , , , .. , ,
,, ,,*#.........##* ,, ,* # ,
,, , #.........# , ∆, ** , ,
*#.........# ,, *,∆**∆∆ ,,
####.....## ,{,* * **, ,, ,


You could see 2 ancient champions.

Vanquished Creatures
  the Royal Jelly (Slime:5)
  3 juggernauts
  An ancient lich (Vaults:4)
  Sojobo (Depths:5)
  Bai Suzhen (Depths:2)
  Vashnia (Snake:2)
  Saint Roka (Vaults:1)
  6 golden dragons
  Nikola (Swamp:1)
  A bone dragon (Swamp:4)
  12 Brimstone Fiends
  9 iron giants
  3 Ice Fiends (Dis:7)
  The ghost of Pimyliuw the Wrestler, a veteran VSFi of Gozag (Depths:1)
  6 tentacled monstrosities
  Jorgrun (Swamp:1)
  3 Hell Sentinels (Dis:7)
  Rupert (D:12)
  4 titans
  4 quicksilver dragons
  A deep elf blademaster (Elf:3)
  A deep elf master archer (Elf:3)
  7 liches
  13 acid blobs
  An Executioner (Dis:6)
  10 ancient champions
  2 thorn hunters
  9 sphinxes
  Frances (D:12)
  A draconian monk (Depths:5)
  Agnes (Snake:1)
  5 shadow dragons
  Roxanne (Swamp:1)
  6 storm dragons
  7 tengu reavers
  13 fire giants
  5 nagarajas (Snake:4)
  3 revenants
  7 deep elf sorcerers
  13 frost giants
  4 iron dragons
  8 azure jellies
  A cacodemon (Dis:7)
  An orc warlord (Orc:2)
  4 balrugs
  The ghost of Suawn the Black Sun, a journeyman HuNe of Kikubaaqudgha (Lair:3)
  Aizul (Snake:2)
  8 ghouls
  3 curse skulls
  12 deep elf elementalists
  A spriggan defender (Depths:4)
  13 vault wardens
  A draconian stormcaller (Depths:5)
  A draconian annihilator (Depths:5)
  9 very ugly things
  20 reapers
  9 ironheart preservers
  26 stone giants
  14 war gargoyles
  A caustic shrike skeleton (Crypt:3)
  2 entropy weavers
  3 white draconians (Depths:5)
  12 vampire knights
  6 deep elf demonologists
  8 spark wasps
  8 deep elf annihilators
  A lorocyproca (Dis:7)
  A minotaur (Gauntlet)
  A yellow draconian (Depths:5)
  Azrael (D:12)
  4 eidola
  Snorg (Lair:5)
  7 deep elf death magi
  22 ettins
  2 blizzard demons (Dis:7)
  10 fire dragons
  13 jiangshi
  4 quicksilver dragon zombies
  A green death (Hell)
  A merfolk javelineer (Depths:2)
  8 deep elf high priests
  8 death oozes
  12 yaktaur captains
  Josephine (Snake:1)
  12 ogre magi
  10 ice dragons
  2 quicksilver dragon skeletons
  14 great orbs of eyes
  3 rakshasas
  29 vault guards
  2 shambling mangroves
  6 spriggan air magi
  3 ghost crabs
  3 catoblepae (Lair:6)
  28 hydras
  18 naga warriors
  An anaconda (shapeshifter) (Elf:3)
  30 two-headed ogres
  6 centaur warriors
  A merfolk aquamancer (Depths:3)
  11 dancing weapons
  10 anacondas
  20 death yaks
  19 alligators
  2 death knights
  14 deep troll shamans
  An orc high priest (Depths:3)
  12 vampire magi
  6 tengu warriors
  24 naga sharpshooters
  7 deep troll earth magi
  47 hell hogs
  10 shock serpents
  5 spriggan berserkers
  13 sun demons
  Nergalle (Lair:4)
  2 iron golems
  3 soul eaters
  2 storm dragon zombies
  4 shadow wraiths
  11 deep elf knights
  22 hell knights
  14 iron trolls
  56 skeletal warriors
  A sixfirhy (Gauntlet)
  An iron troll (shapeshifter) (Vaults:5)
  A salamander mystic (Snake:2)
  3 storm dragon skeletons
  A quicksilver dragon simulacrum (Crypt:1)
  A titan skeleton (Crypt:1)
  13 deep elf archers
  5 glowing orange brains
  35 deep trolls
  3 spectral hydras (Swamp:4)
  3 swamp dragons
  7 flayed ghosts
  3 unseen horrors (Vaults:1)
  A shadow demon (Dis:7)
  2 deep trolls (shapeshifter)
  10 wizards
  4 anaconda zombies
  2 spriggan druids
  4 shadow dragon zombies
  7 anaconda skeletons
  10 harpies
  26 phantasmal warriors
  8 naga ritualists
  14 orc knights
  4 iron dragon zombies
  14 necromancers
  2 wolf spider zombies
  2 oklob plants (Lair:2)
  15 mana vipers
  4 orc sorcerers
  5 shining eyes
  An iron dragon skeleton (Crypt:3)
  18 ironbrand convokers
  54 ugly things
  6 cyclopes
  49 deep elf magi
  2 fire giant zombies
  8 frost giant zombies
  7 wolf spiders
  12 manticores
  3 frost giant skeletons
  4 stone giant zombies
  6 fire giant skeletons
  14 elephants
  An ice statue (IceCv)
  2 shadow dragon skeletons
  A salamander (shapeshifter) (D:13)
  A shock serpent zombie (Crypt:1)
  3 guardian serpents
  5 toenail golems (Volcano)
  7 salamanders
  2 dire elephant zombies
  8 molten gargoyles (Geh:7)
  2 stone giant skeletons
  A black mamba (shapeshifter) (Depths:4)
  31 black mambas
  A guardian serpent (shapeshifter) (Depths:1)
  9 vault sentinels
  19 rust devils
  18 cane toads
  26 naga magi
  2 gargoyles (D:14)
  An eye of devastation (Slime:5)
  2 orange demons (Hell)
  A catoblepas zombie (Dis:7)
  A cane toad (shapeshifter) (Vaults:1)
  6 smoke demons
  A torpor snail (Lair:5)
  4 rime drakes
  58 yaktaurs
  20 hellions
  7 swamp worm zombies (Swamp:4)
  A shock serpent skeleton (Geh:7)
  A rime drake (shapeshifter) (Depths:3)
  14 freezing wraiths
  A kobold demonologist (D:15)
  12 tormentors
  4 efreet
  9 komodo dragons
  2 redback zombies
  A demonic crawler (Hell)
  11 ice devils
  10 hydra zombies
  9 trolls
  A black draconian skeleton (Crypt:1)
  3 tengu conjurers
  16 polar bears
  A queen bee (shapeshifter) (Vaults:1)
  15 red devils
  A harpy zombie (Dis:2)
  57 slime creatures
  A jumping spider (shapeshifter) (Vaults:3)
  11 tyrant leeches
  2 blink frogs (shapeshifter)
  14 hornets
  9 blink frogs (Swamp:4)
  17 bog bodies
  2 fire dragon zombies
  A sphinx simulacrum (Depths:2)
  A spectral swamp dragon (Swamp:4)
  2 alligator zombies (Hell)
  3 meliai zombies
  6 dream sheep (Lair:6)
  A raiju (shapeshifter) (Vaults:3)
  2 hippogriffs (shapeshifter)
  2 black mamba zombies
  3 ettin zombies
  A harpy skeleton (Geh:7)
  8 hippogriffs
  A shock serpent simulacrum (Crypt:1)
  2 hydra skeletons
  A guardian serpent skeleton (Crypt:2)
  2 spriggan zombies
  48 flying skulls
  3 air elementals
  4 redbacks
  An alligator skeleton (Hell)
  5 fire dragon skeletons
  3 ettin skeletons
  3 ice dragon skeletons
  27 wraiths
  4 humans (D:7)
  10 spriggans
  An elf zombie (Depths:1)
  A tarantella (Vaults:1)
  4 wyverns
  2 spriggans (shapeshifter)
  3 vampires
  9 shadows
  3 basilisks
  17 fire elementals
  2 black mamba skeletons
  3 fire bats (Gauntlet)
  14 water elementals
  52 yaks
  2 chaos spawn (Gauntlet)
  A golden eye (shapeshifter) (Vaults:2)
  A neqoxec (Gauntlet)
  12 golden eyes
  53 nagas
  6 swamp worms
  A steam dragon (D:12)
  18 vampire mosquitoes
  13 insubstantial wisps
  A hydra simulacrum (Hell)
  8 wargs
  2 acid dragons
  A naga (shapeshifter) (Elf:2)
  A swamp worm (shapeshifter) (Vaults:5)
  6 floating eyes
  39 hell hounds
  9 water moccasins
  A monstrous demonspawn zombie (Crypt:3)
  8 swamp drakes
  3 nameless horrors
  3 cane toad zombies
  A deep troll skeleton (Crypt:1)
  4 swamp dragon zombies
  A torturous demonspawn skeleton (Crypt:2)
  A meliai simulacrum (D:14)
  11 porcupines
  45 orc warriors
  A monstrous demonspawn skeleton (Crypt:1)
  A black bear (D:8)
  A cane toad skeleton (Hell)
  A spriggan simulacrum (Depths:1)
  An eye of draining (shapeshifter) (Elf:2)
  9 phantoms
  4 ice beasts
  7 sky beasts
  23 ogres
  7 eyes of draining
  A manticore zombie (Crypt:3)
  10 necrophages
  18 boggarts
  23 wolves
  3 snapping turtle skeletons
  13 centaurs
  A manticore skeleton (Geh:7)
  16 crocodiles
  An elf simulacrum (Vaults:1)
  A big kobold (D:12)
  A hog skeleton (Crypt:1)
  11 bullfrogs
  4 earth elementals
  3 human simulacra
  A wyvern skeleton (Crypt:1)
  A cane toad simulacrum (Lair:3)
  A water moccasin skeleton (Crypt:3)
  5 scorpions
  19 killer bees
  An elephant simulacrum (Lair:3)
  A vampire bat (Lair:6)
  73 wights
  6 electric eels
  A wolf zombie (Crypt:1)
  2 yaktaur simulacra (Vaults:1)
  A wolf skeleton (Crypt:2)
  A bullfrog zombie (D:13)
  4 centaur zombies
  A human zombie (Geh:5)
  2 crimson imps
  28 orc priests
  4 jellies
  A water moccasin simulacrum (Lair:3)
  Crazy Yiuf (D:2)
  2 hounds
  5 centaur skeletons
  A soldier ant zombie (Crypt:2)
  27 iron imps
  A black bear zombie (Crypt:2)
  2 bullfrog skeletons
  2 human skeletons
  Ijyb (D:5)
  4 iguanas
  29 orc wizards
  3 spectral swamp drakes (Swamp:4)
  10 worker ants
  2 sky beast zombies
  A naga zombie (Geh:7)
  A basilisk simulacrum (Lair:3)
  2 mummies
  An acid dragon skeleton (Crypt:3)
  A hound skeleton (D:8)
  3 worker ant zombies
  A crocodile simulacrum (Lair:3)
  4 gnolls
  A howler monkey skeleton (D:6)
  A swamp drake zombie (Swamp:4)
  9 adders
  A shadow imp (D:5)
  4 ufetubi
  2 oozes
  3 adder zombies
  2 worms
  2 dart slugs
  6 leopard geckos
  165 orcs
  2 ball pythons
  A giant cockroach (D:7)
  21 goblins
  22 hobgoblins
  14 jackals
  19 kobolds
  11 quokkas
  A river rat zombie (Crypt:2)
  15 bats
  3 frilled lizards
  A kobold skeleton (Crypt:3)
  An orc skeleton (Geh:5)
  An orc zombie (Crypt:3)
  A quokka zombie (Crypt:1)
  5 rats
  41 briar patches
  3 crawling corpses (Elf:3)
3070 creatures vanquished.

Vanquished Creatures (collateral kills)
  An orc warlord (Orc:2)
  An ice dragon (Lair:3)
  A wizard (Volcano)
  3 orc knights
  2 oklob plants (Lair:2)
  A manticore (D:11)
  A moth of wrath (Gauntlet)
  A guardian serpent (Lair:2)
  2 cane toads (Lair:1)
  A rime drake (Lair:3)
  3 trolls
  A hippogriff (D:11)
  2 yaks
  A warg (Orc:2)
  A porcupine (Lair:1)
  8 orc warriors
  An ice beast (D:6)
  2 necrophages
  3 centaurs (D:10)
  2 wolves
  6 wights
  A killer bee (D:9)
  A jelly (D:7)
  5 orc priests
  4 orc wizards
  A worker ant (D:8)
  An adder (D:11)
  A white imp (D:6)
  20 orcs
  A bush (D:8)
79 creatures vanquished.

Vanquished Creatures (others)
  A juggernaut (Depths:2)
  Asterion (Vaults:1)
  A deep elf annihilator (Elf:3)
  A hell hog (Geh:6)
  An unseen horror (D:13)
  2 polar bears (IceCv)
  4 flying skulls (Geh:3)
  2 yaks (IceCv)
  A hell hound (Dis:7)
  118 ball lightnings
  A wolf (IceCv)
  An iron imp (Dis:7)
  36 fungi
  78 plants
  4 tentacles (Hell)
252 creatures vanquished.

Grand Total: 3401 creatures vanquished

Notes
Turn   | Place    | Note
-------+----------+-------------------------------------------
     0 | D:1      | Phyllomedusabicolor the Ogre Ice Elementalist began the
                  | quest for the Orb.
     0 | D:1      | Reached XP level 1. HP: 16/16 MP: 3/3
   334 | D:1      | Reached XP level 2. HP: 14/24 MP: 0/5
   608 | D:1      | Reached XP level 3. HP: 3/31 MP: 1/6
   714 | D:1      | Learned a level 3 spell: Frozen Ramparts
  1779 | D:2      | Reached skill level 5 in Ice Magic
  1794 | D:2      | Found a runed translucent door.
  1795 | D:2      | Noticed Crazy Yiuf
  1802 | D:2      | Killed Crazy Yiuf
  1802 | D:2      | Reached XP level 4. HP: 17/39 MP: 0/8
  2157 | D:2      | Found a white marble altar of Elyvilon.
  2464 | D:3      | Learned a level 4 spell: Summon Ice Beast
  2527 | D:3      | Reached XP level 5. HP: 45/45 MP: 10/10
  2734 | D:3      | Learned a level 3 spell: Ozocubu's Armour
  3260 | D:4      | Found a staircase to the Ecumenical Temple.
  3273 | D:4      | Reached skill level 1 in Summonings
  3281 | D:4      | Identified the Catalogue of Transmutation
  3283 | D:4      | Reached XP level 6. HP: 53/53 MP: 3/11
  3289 | Temple   | Entered the Ecumenical Temple
  3439 | Temple   | Became a worshipper of Ashenzari the Shackled
  3806 | D:5      | Entered Level 5 of the Dungeon
  4655 | D:5      | Reached XP level 7. HP: 47/59 MP: 8/12
  5276 | D:5      | Noticed Ijyb
  5287 | D:5      | Killed Ijyb
  5715 | D:5      | Found a runed translucent door.
  5843 | D:5      | Reached XP level 8. HP: 60/67 MP: 4/13
  5849 | D:5      | Reached skill level 2 in Fighting
  5849 | D:5      | Reached skill level 3 in Fighting
  5896 | D:5      | Found a roughly hewn altar of Beogh.
  6053 | D:6      | Reached skill level 4 in Fighting
  6113 | D:6      | Reached skill level 5 in Fighting
  6287 | D:6      | Reached skill level 6 in Fighting
  6373 | D:6      | Reached skill level 7 in Fighting
  6462 | D:6      | Reached * piety under Ashenzari
  6785 | D:6      | Reached XP level 9. HP: 79/94 MP: 11/16
  7057 | D:6      | Reached skill level 5 in Spellcasting
  7172 | D:6      | Learned a level 4 spell: Hailstorm
  7218 | D:7      | Reached skill level 1 in Conjurations
  8165 | D:7      | Reached skill level 8 in Fighting
  8242 | D:7      | Reached ** piety under Ashenzari
  8255 | D:7      | Reached skill level 9 in Fighting
  8400 | D:7      | Reached skill level 10 in Fighting
  8400 | D:7      | Reached XP level 10. HP: 100/110 MP: 15/18
  8668 | D:8      | Reached skill level 11 in Fighting
  8679 | D:8      | Found a basalt altar of Yredelemnul.
  9104 | D:8      | Reached skill level 12 in Fighting
  9861 | D:8      | Reached skill level 13 in Fighting
  9870 | D:8      | Found a staircase to the Lair.
 10623 | D:9      | Found Fausief's Magic Scroll Boutique.
 10632 | D:9      | Bought a scroll of blinking for 90 gold pieces
 10632 | D:9      | Bought a scroll of teleportation for 36 gold pieces
 10632 | D:9      | Bought a scroll of fog for 24 gold pieces
 10632 | D:9      | Bought a scroll of identify for 24 gold pieces
 10683 | D:9      | Found Saodyatz's Armour Shop.
 10728 | D:9      | Reached XP level 11. HP: 103/126 MP: 6/22
 10796 | D:9      | Reached skill level 5 in Dodging
 10797 | D:9      | Found a flagged portal.
 10815 | Bailey   | Entered a bailey
 11207 | Bailey   | Reached skill level 1 in Shields
 11738 | Bailey   | Noticed an orc knight
 11744 | Bailey   | Killed an orc knight
 12411 | D:9      | Found an ancient bone altar of Kikubaaqudgha.
 12416 | D:9      | Found a shimmering altar of Xom.
 12460 | D:9      | Found Zonok's Distillery.
 12471 | D:9      | Bought a potion of degeneration for 10 gold pieces
 12471 | D:9      | Bought a potion of curing for 30 gold pieces
 12471 | D:9      | Bought a potion of haste for 100 gold pieces
 12471 | D:9      | Bought a potion of might for 40 gold pieces
 12497 | D:10     | Entered Level 10 of the Dungeon
 12691 | D:10     | Reached skill level 14 in Fighting
 12787 | D:10     | Reached *** piety under Ashenzari
 13365 | D:10     | Found a staircase to the Orcish Mines.
 13426 | D:10     | Reached skill level 15 in Fighting
 13639 | D:11     | Identified the cursed +1 mace of the Inferno {protect, rN++
                  | Str-3}
 14110 | D:11     | Reached skill level 16 in Fighting
 14245 | D:11     | Noticed a manticore
 14255 | D:11     | Killed a manticore
 14423 | D:11     | Noticed a seven-headed hydra
 14430 | D:11     | Killed a seven-headed hydra
 14430 | D:11     | Reached skill level 17 in Fighting
 14762 | D:11     | Reached **** piety under Ashenzari
 14995 | D:11     | Found a shadowy altar of Dithmenos.
 15232 | D:12     | Noticed Rupert
 15267 | Orc:1    | Entered Level 1 of the Orcish Mines
 15274 | Orc:1    | Noticed an orc knight
 15306 | D:10     | Killed an orc knight
 15306 | D:10     | Reached skill level 18 in Fighting
 15426 | Orc:1    | Reached XP level 12. HP: 150/150 MP: 23/23
 15913 | Orc:2    | Entered Level 2 of the Orcish Mines
 15925 | Orc:2    | Noticed an orc warlord
 15930 | Orc:2    | Reached skill level 19 in Fighting
 16169 | Orc:2    | Killed an orc warlord
 16274 | Orc:2    | Found Tizxyim's Weapon Shop.
 16398 | Orc:2    | Found a roughly hewn altar of Beogh.
 16442 | Orc:2    | Reached skill level 5 in Shields
 16913 | Orc:2    | Found a roughly hewn altar of Beogh.
 16915 | Orc:2    | Found Emalaum's Antique Armour Shoppe.
 16958 | Orc:2    | HP: 6/154 [orc knight/+0 bardiche (12)]
 17174 | Orc:2    | Bought a faintly humming cloak for 209 gold pieces
 17184 | Orc:2    | Identified the cursed +0 cloak of a Billion Gods {rF+} (You
                  | bought it in a shop on level 2 of the Orcish Mines)
 17284 | Orc:2    | Noticed a sun demon
 17457 | Orc:2    | Noticed an orc warlord
 17474 | Orc:2    | Killed an orc warlord
 17588 | Orc:2    | Found Etaose's Antique Weapon Shop.
 17631 | Orc:2    | Found a staircase to the Elven Halls.
 17784 | Orc:2    | Found a roughly hewn altar of Beogh.
 17875 | Orc:2    | Found a roughly hewn altar of Beogh.
 17941 | Orc:2    | Found a roughly hewn altar of Beogh.
 17969 | Orc:2    | Found Uzoahaso's Distillery.
 17975 | Orc:2    | Bought a potion of invisibility for 112 gold pieces
 17975 | Orc:2    | Bought a potion of ambrosia for 112 gold pieces
 17975 | Orc:2    | Bought a potion of flight for 42 gold pieces
 18154 | Orc:2    | Found Kaetwog's Antique Armour Boutique.
 18155 | Orc:2    | Found a roughly hewn altar of Beogh.
 18306 | D:9      | Bought a scroll of remove curse for 36 gold pieces
 18306 | D:9      | Bought a scroll of remove curse for 36 gold pieces
 18306 | D:9      | Bought a scroll of remove curse for 36 gold pieces
 18306 | D:9      | Bought a scroll of remove curse for 36 gold pieces
 18306 | D:9      | Bought a scroll of identify for 24 gold pieces
 18593 | Lair:1   | Entered Level 1 of the Lair of Beasts
 18602 | Lair:1   | Reached skill level 1 in Maces & Flails
 18607 | Lair:1   | Found a gate leading to a gauntlet.
 18628 | Lair:1   | Identified the amulet of Cheibriados's Hatred {Spirit
                  | Str+3}
 18648 | Gauntlet | Entered a Gauntlet
 18648 | Gauntlet | Found a transporter.
 18700 | Gauntlet | Found a transporter.
 18704 | Gauntlet | Found a transporter.
 18704 | Gauntlet | Found a transporter.
 18820 | Gauntlet | Found a transporter.
 18820 | Gauntlet | Found a transporter.
 18820 | Gauntlet | Found a transporter.
 18948 | Gauntlet | Found a transporter.
 18954 | Gauntlet | Reached XP level 13. HP: 162/162 MP: 22/24
 18957 | Gauntlet | Found a transporter.
 18957 | Gauntlet | Found a transporter.
 19000 | Gauntlet | Found a transporter.
 19000 | Gauntlet | Found a transporter.
 19013 | Gauntlet | Reached skill level 5 in Maces & Flails
 19020 | Gauntlet | Found a transporter.
 19022 | Gauntlet | Noticed a green death
 19119 | Gauntlet | Found a transporter.
 19161 | Gauntlet | Reached XP level 14. HP: 172/172 MP: 25/25
 19162 | Gauntlet | Reached skill level 10 in Spellcasting
 19162 | Gauntlet | Reached XP level 15. HP: 180/180 MP: 29/29
 19166 | Gauntlet | Identified the ring "Ciomeug" {MR+ Slay+2 Stlth-}
 20254 | Lair:1   | Reached ***** piety under Ashenzari
 21083 | Lair:2   | Found a staircase to the Snake Pit.
 21384 | Lair:2   | Reached skill level 10 in Maces & Flails
 22573 | Lair:3   | Found a dark tunnel.
 22633 | Volcano  | Entered a volcano
 23209 | Volcano  | Identified the cursed +1 leather armour of Faopt {Rampage
                  | rN+ MR+ Dex-2} (You found it on level 8 of the Dungeon)
 23368 | Lair:3   | Found a runed translucent gate.
 23368 | Lair:3   | Found a runed translucent gate.
 23368 | Lair:3   | Found a runed translucent gate.
 23383 | Lair:3   | Reached skill level 1 in Armour
 23384 | Lair:3   | Noticed Suawn's ghost (journeyman HuNe)
 24032 | Lair:3   | Killed Suawn's ghost
 24139 | Lair:3   | Identified the ring "Nahuon" {Fire rPois Dex+4}
 24665 | Lair:3   | Learned a level 2 spell: Swiftness
 24670 | Lair:3   | Learned a level 4 spell: Airstrike
 24688 | Lair:4   | Found a blossoming altar of Fedhas.
 24728 | Lair:4   | Found a staircase to the Swamp.
 24812 | Lair:4   | Reached ****** piety under Ashenzari
 24848 | Lair:4   | Reached skill level 5 in Armour
 24949 | Lair:4   | Noticed Nergalle
 24961 | Lair:4   | Killed Nergalle
 25659 | Lair:5   | Identified the cursed +0 buckler "Karac" {rN+}
 25682 | Lair:5   | Found a frozen archway.
 25713 | IceCv    | Entered an ice cave
 25958 | IceCv    | Reached skill level 1 in Air Magic
 26719 | IceCv    | Reached XP level 16. HP: 180/189 MP: 28/30
 26863 | IceCv    | Reached skill level 5 in Air Magic
 27049 | IceCv    | Identified the +8 chain mail "Rotaxaopo" {-Tele rN+ Stlth+}
 27739 | Lair:5   | Identified the +1 chain mail of Hurul {+Inv rC- rN+ Regen+}
 27922 | Lair:5   | Noticed Snorg
 27934 | Lair:5   | Killed Snorg
 28094 | Lair:5   | Reached skill level 10 in Armour
 29006 | Lair:6   | Entered Level 6 of the Lair of Beasts
 29868 | Lair:6   | Found a runed translucent door.
 29871 | Lair:6   | Found a viscous altar of Jiyva.
 29918 | Lair:6   | Found a staircase to the Slime Pits.
 29919 | Lair:6   | Noticed an acid blob
 29946 | Lair:6   | Killed an acid blob
 30233 | Lair:6   | Identified the +10 war axe of Invincibility {drain, rElec
                  | MR+ MP+9}
 31088 | D:12     | Killed Rupert
 31088 | D:12     | Reduced skill Maces & Flails to level 10
 31088 | D:12     | Reached skill level 10 in Air Magic
 31360 | D:12     | Noticed Azrael
 31372 | D:12     | Killed Azrael
 31482 | D:12     | Found a runed translucent gate.
 31493 | D:12     | Found Rafotogi's Blood Bar.
 31553 | D:12     | Found a runed translucent gate.
 31553 | D:12     | Found a runed translucent gate.
 31554 | D:12     | Found an opulent altar of Gozag.
 31554 | D:12     | Noticed ch1llma's ghost (journeyman GnMo)
 31594 | D:12     | Identified the cursed +1 great sword "Romahosa" {speed,
                  | rElec rC++ Dex-2}
 31606 | D:12     | Reached skill level 5 in Axes
 31699 | D:12     | Reached XP level 17. HP: 198/198 MP: 31/31
 31954 | D:12     | Noticed Frances
 31970 | D:12     | Killed Frances
 32954 | D:13     | Found an opulent altar of Gozag.
 33709 | D:14     | Reached skill level 10 in Axes
 33731 | D:14     | Reduced skill Maces & Flails to level 5
 34387 | D:14     | Found a gate to the Vaults.
 35057 | D:15     | Entered Level 15 of the Dungeon
 35326 | D:15     | Found a staircase to the Depths.
 36024 | D:15     | Reduced skill Maces & Flails to level 1
 37100 | Snake:1  | Entered Level 1 of the Snake Pit
 37324 | Snake:1  | Reached XP level 18. HP: 208/208 MP: 32/32
 37337 | Snake:1  | Learned a level 6 spell: Conjure Ball Lightning
 37547 | Snake:1  | Found a transporter.
 37577 | Snake:1  | Noticed Josephine
 37594 | Snake:1  | Killed Josephine
 37594 | Snake:1  | Reached skill level 5 in Conjurations
 38148 | Snake:1  | Noticed Agnes
 38157 | Snake:1  | Killed Agnes
 38411 | Snake:1  | Found a transporter.
 38613 | Snake:1  | Reached skill level 10 in Shields
 38633 | Snake:1  | Identified the amulet of Xom's Flight of Fancy {Acrobat rC+
                  | Str+4}
 38634 | Snake:1  | Identified the ring of Ahi Oluo {Str+4 Stlth+}
 38929 | Snake:2  | Noticed Aizul
 38939 | Snake:2  | Killed Aizul
 39464 | Snake:2  | Noticed Vashnia
 40079 | Snake:2  | Killed Vashnia
 41879 | Snake:3  | Identified the +1 robe of the Big Bang {Harm}
 42127 | Snake:3  | Reached XP level 19. HP: 61/215 MP: 6/33
 42915 | Snake:3  | Learned a level 6 spell: Ozocubu's Refrigeration
 43132 | Snake:4  | Entered Level 4 of the Snake Pit
 43263 | Snake:1  | Identified a scroll of acquirement
 43264 | Snake:1  | Acquired 800 gold pieces
 44013 | Snake:4  | Found Loerur's Antique Armour Boutique.
 44464 | Snake:4  | Reached skill level 10 in Ice Magic
 44866 | Snake:4  | Got a serpentine rune of Zot
 45226 | Elf:1    | Entered Level 1 of the Elven Halls
 45902 | Elf:1    | Reached skill level 15 in Air Magic
 45903 | Elf:1    | Found a runed translucent gate.
 45903 | Elf:1    | Found a runed translucent gate.
 45903 | Elf:1    | Found a runed translucent gate.
 45903 | Elf:1    | Found a runed translucent gate.
 45903 | Elf:1    | Found a runed translucent gate.
 45908 | Elf:1    | Found a runed translucent gate.
 46806 | Elf:2    | Reached XP level 20. HP: 189/226 MP: 19/34
 47066 | Elf:2    | Found a huge runed translucent gate.
 47066 | Elf:2    | Found a huge runed translucent gate.
 47066 | Elf:2    | Found a huge runed translucent gate.
 47066 | Elf:2    | Found a huge runed translucent gate.
 47066 | Elf:2    | Found a huge runed translucent gate.
 47963 | Elf:3    | Entered Level 3 of the Elven Halls
 48988 | Elf:3    | Found Ranylef's Armour Shoppe.
 49655 | Elf:3    | Identified the ring "Zeonigg" {Ice Int+2 Stlth+}
 49807 | Elf:3    | Gained mutation: Your body sometimes deteriorates upon
                  | taking damage. [a cacodemon]
 49933 | Elf:3    | HP: 2/226 [deep elf high priest/a malign offering (25)]
 50587 | Elf:3    | Identified the cursed ring "Nageinn" {*Slow rN+ EV-4 Int+5}
 50807 | Elf:3    | Identified the +10 scale mail of Space {*Drain +Inv rC+++
                  | rCorr}
 50810 | Elf:3    | Identified the +1 ring mail of Entitlement {Dex+3}
 50811 | Elf:3    | Identified the cursed +1 scale mail of the Orb Guardian
                  | {rF- Str+2 Dex+2}
 50811 | Elf:3    | Identified the cursed +0 ring mail of Shielding {Str+5}
 50812 | Elf:3    | Identified Sif Muna's Grimoire of the Torrid Escort
 51086 | Swamp:1  | Entered Level 1 of the Swamp
 51110 | Swamp:1  | Identified the +1 ring mail of Qypiem {rC+ Int+2}
 51113 | Swamp:1  | Found a transporter.
 51113 | Swamp:1  | Noticed Jorgrun
 51143 | Swamp:1  | Killed Jorgrun
 51332 | Swamp:1  | Found a transporter.
 51393 | Swamp:1  | Reached XP level 21. HP: 234/234 MP: 39/39
 51407 | Swamp:1  | Learned a level 9 spell: Tornado
 51742 | Swamp:1  | Noticed Roxanne
 51742 | Swamp:1  | Noticed Nikola
 51762 | Swamp:1  | Killed Nikola
 51905 | Swamp:1  | Killed Roxanne
 53920 | Swamp:3  | Identified the ring "Darpholu" {Dex+2 Slay+2 Stlth+}
 54238 | Swamp:3  | Reached skill level 20 in Fighting
 54622 | Swamp:4  | Entered Level 4 of the Swamp
 54772 | Swamp:4  | Reached skill level 21 in Fighting
 54786 | Swamp:4  | Noticed a bone dragon
 54815 | Swamp:4  | Killed a bone dragon
 55312 | Swamp:4  | Got a decaying rune of Zot
 55449 | Swamp:4  | Reached skill level 22 in Fighting
 56334 | Vaults:1 | Entered Level 1 of the Vaults
 56764 | Vaults:1 | Reached skill level 23 in Fighting
 56853 | Vaults:1 | Noticed Saint Roka
 56863 | Vaults:1 | Killed Saint Roka
 57226 | Vaults:1 | Noticed Asterion
 57238 | Vaults:1 | Killed Asterion
 57429 | Vaults:1 | Reached XP level 22. HP: 258/260 MP: 40/40
 58186 | Vaults:2 | Found a staircase to the Crypt.
 58596 | Vaults:2 | Identified the Volume of Ghastly Venom
 60649 | Vaults:3 | Found Bose's Assorted Antiques.
 60658 | Vaults:3 | Bought a scroll of blinking for 255 gold pieces
 60658 | Vaults:3 | Bought a scroll labeled XUSHRU WO BE PYRR for 34 gold
                  | pieces
 61379 | Vaults:4 | Reached XP level 23. HP: 262/268 MP: 41/41
 62188 | Vaults:5 | Entered Level 5 of the Vaults
 62190 | Vaults:5 | Noticed a golden dragon
 62193 | Vaults:5 | Noticed an ancient lich
 62199 | Vaults:5 | Killed a golden dragon
 62625 | Vaults:4 | Killed an ancient lich
 63587 | Vaults:5 | Identified the Tome of Flying Attacks
 63589 | Vaults:5 | Identified the Reference Book on Flamy Orientation
 63731 | Vaults:5 | Reached XP level 24. HP: 280/280 MP: 41/41
 63876 | Vaults:5 | Acquired the Volume of Moulding and Curses
 64115 | Vaults:5 | Identified the +3 hand crossbow "Nieqeng" {freeze, MP+9}
 64578 | Vaults:5 | Identified the Compendium of Flying Orientation
 64587 | Vaults:5 | Identified the Catalogue of Conjuration
 64895 | Vaults:5 | Identified the +5 hunting sling "Isser" {vorpal, Dex+3}
 64911 | Vaults:5 | Gained mutation: You occasionally shout uncontrollably at
                  | your foes. [a cacodemon]
 65370 | Vaults:5 | Got a silver rune of Zot
 65628 | Depths:1 | Entered Level 1 of the Depths
 65668 | Depths:1 | Reached skill level 15 in Spellcasting
 66097 | Depths:1 | Found an iron altar of Okawaru.
 66122 | Depths:1 | Found a gateway to Hell.
 66915 | Depths:1 | Found Kamenog's Jewellery Emporium.
 66915 | Depths:1 | Found Demnut's Gadget Boutique.
 66916 | Depths:1 | Found Costik's Gadget Boutique.
 66947 | Depths:1 | Found a runed translucent door.
 67048 | Depths:1 | Noticed Pimyliuw's ghost (veteran VSFi)
 67065 | Depths:1 | Killed Pimyliuw's ghost
 67071 | Depths:1 | Identified the ring "Pioqo" {Str+6 Int-3 Slay+2 Stlth-}
 67194 | Depths:1 | Learned a level 5 spell: Summon Mana Viper
 67308 | Depths:2 | Reached XP level 25. HP: 287/289 MP: 29/44
 67368 | Depths:2 | Identified the +4 ring mail of Asceticism {+Blink rC+ rN+}
 67660 | Depths:2 | Reached skill level 1 in Hexes
 68053 | Depths:2 | Found a gateway to a ziggurat.
 68309 | Depths:2 | Noticed a juggernaut
 68313 | Depths:2 | Noticed Bai Suzhen
 68323 | Depths:2 | Paralysed by a floating eye for 4 turns
 68324 | Depths:2 | Killed a juggernaut
 68324 | Depths:2 | Reached skill level 5 in Hexes
 68329 | Depths:2 | Noticed a juggernaut
 68332 | Depths:2 | Killed Bai Suzhen
 68731 | Depths:2 | Killed a juggernaut
 69075 | Depths:3 | Found a transporter.
 69278 | Depths:3 | Paralysed by a floating eye for 4 turns
 69330 | Depths:3 | Found an ancient bone altar of Kikubaaqudgha.
 69355 | Depths:3 | Identified the ring "Huedost" {+Inv rC+}
 69424 | Depths:3 | Reduced skill Hexes to level 5
 69550 | Depths:3 | Identified the ring of Lihizak {rN++ rCorr Str+3 Int-2
                  | SInv}
 69643 | Depths:3 | Found a one-way gate leading to the halls of Pandemonium.
 69685 | Depths:3 | Identified the ring "Ydyxak" {+Blink rElec rC+ MR- Slay+5}
 69915 | Depths:3 | Found a shadowy altar of Dithmenos.
 69957 | Depths:3 | Paralysed by a floating eye for 2 turns
 70069 | Depths:3 | Found a hide-covered altar of Uskayaw.
 70108 | Depths:3 | Identified the ring of Heluuschu {rPois Str+2}
 70671 | Depths:3 | Found a transporter.
 70671 | Depths:3 | Noticed a juggernaut
 70678 | Depths:3 | Killed a juggernaut
 70678 | Depths:3 | Reached XP level 26. HP: 287/299 MP: 41/46
 70892 | Depths:4 | Found a flickering gateway to a bazaar.
 70901 | Bazaar   | Entered a bazaar
 70901 | Bazaar   | Found Hemel's Magic Scroll Emporium.
 70909 | Bazaar   | Bought a scroll of enchant armour for 127 gold pieces
 70909 | Bazaar   | Bought a scroll of enchant armour for 127 gold pieces
 70909 | Bazaar   | Bought a scroll of enchant armour for 127 gold pieces
 71074 | Bazaar   | Found Ahoo's General Store.
 71082 | Bazaar   | Bought a potion of lignification for 45 gold pieces
 71082 | Bazaar   | Bought a potion of heal wounds for 75 gold pieces
 71099 | Bazaar   | Found Ekimikh's Book Boutique.
 71107 | Bazaar   | Bought a book of Unlife for 780 gold pieces
 71112 | Bazaar   | Found Titzeres's Weapon Shop.
 71120 | Bazaar   | Bought the +8 whip "Snakebite" {curare, rPois} for 542 gold
                  | pieces
 71120 | Bazaar   | Found the +8 whip "Snakebite" {curare, rPois}
 71148 | Bazaar   | Bought 3 scrolls of fog for 102 gold pieces
 71148 | Bazaar   | Bought a scroll of amnesia for 59 gold pieces
 71148 | Bazaar   | Bought a scroll of remove curse for 51 gold pieces
 71148 | Bazaar   | Bought a scroll of remove curse for 51 gold pieces
 71371 | Depths:4 | Reached skill level 15 in Ice Magic
 71702 | Depths:4 | Found a one-way gate to the infinite horrors of the Abyss.
 72053 | Depths:4 | Identified the amulet of Midsummer {RegenMP rElec rC+
                  | Str+3}
 72122 | Depths:4 | Learned a level 5 spell: Borgnjor's Vile Clutch
 72177 | Depths:5 | Entered Level 5 of the Depths
 72239 | Depths:5 | Reached skill level 1 in Necromancy
 72560 | Depths:5 | Noticed Sojobo
 72582 | Depths:5 | Killed Sojobo
 72582 | Depths:5 | Reached skill level 5 in Necromancy
 72850 | Depths:5 | Noticed a juggernaut
 72859 | Depths:5 | Killed a juggernaut
 73328 | Depths:5 | Found a gate to the Realm of Zot.
 73782 | Depths:5 | Identified the +4 chain mail "Cena Ywn" {+Inv Str+2}
 74517 | Crypt:1  | Entered Level 1 of the Crypt
 74536 | Crypt:1  | Learned a level 6 spell: Statue Form
 74671 | Crypt:1  | Reached skill level 1 in Transmutations
 74788 | Crypt:1  | Reached XP level 27. HP: 242/308 MP: 46/46
 75281 | Crypt:1  | Reached skill level 5 in Transmutations
 75435 | Crypt:1  | Lost mutation: Your body sometimes deteriorates upon taking
                  | damage. [potion of mutation]
 75435 | Crypt:1  | Lost mutation: You occasionally shout uncontrollably at
                  | your foes. [potion of mutation]
 75435 | Crypt:1  | Gained mutation: You are robust. (+10% HP) [potion of
                  | mutation]
 75435 | Crypt:1  | Gained mutation: You have large cloven feet. [potion of
                  | mutation]
 75435 | Crypt:1  | Gained mutation: Your flesh is cold resistant. (rC+)
                  | [potion of mutation]
 76306 | Crypt:2  | Reached skill level 1 in Polearms
 76310 | Crypt:2  | Reached skill level 1 in Earth Magic
 76612 | Crypt:2  | Reached skill level 5 in Polearms
 76616 | Crypt:2  | Paralysed by a vampire knight for 4 turns
 76828 | Crypt:2  | Reduced skill Axes to level 10
 77130 | Crypt:3  | Entered Level 3 of the Crypt
 77470 | Crypt:3  | Noticed Mennas
 77546 | Crypt:3  | Banished Mennas
 77603 | Crypt:3  | Noticed Jory
 77615 | Crypt:3  | Banished Jory
 77615 | Crypt:3  | Reached skill level 10 in Polearms
 77985 | Crypt:3  | Found a basalt altar of Yredelemnul.
 78094 | Crypt:3  | Identified the +1 cloak of Hangman {rC+ Str-3 Dex+4}
 78095 | Crypt:3  | Identified the +2 cloak "Giuc" {rC+ rCorr}
 78216 | Crypt:3  | Found a staircase to the Tomb.
 78616 | Crypt:3  | Identified the Handbook of Sinister Secrets
 78770 | Crypt:3  | Reached skill level 10 in Necromancy
 79450 | Slime:1  | Entered Level 1 of the Pits of Slime
 79461 | Slime:1  | Gained mutation: Armour fits poorly on your strangely
                  | shaped body. [a shining eye]
 79785 | Slime:5  | Entered Level 5 of the Pits of Slime
 79862 | Slime:5  | Reached skill level 15 in Polearms
 79884 | Slime:5  | Found a viscous altar of Jiyva.
 79884 | Slime:5  | Noticed the Royal Jelly
 79885 | Slime:5  | Identified the cursed +1 bardiche of Bafurauth {holy, rN++
                  | Str+3}
 79888 | Slime:5  | Identified the +15 plate armour "Gidghoif" {*Contam Harm
                  | rF+}
 79895 | Slime:5  | Identified the +4 long sword "Woipnitu" {vorpal, *Drain rF+
                  | rC+}
 79895 | Slime:5  | Identified the cursed ring of Saempalu {MR+ EV-4}
 79931 | Slime:5  | Killed the Royal Jelly
 79971 | Slime:4  | HP: 15/337 [disintegration (30)]
 80638 | Slime:5  | Identified the +11 battleaxe of Cufaon {protect, *Noise
                  | rElec MR+}
 80639 | Slime:5  | Reached skill level 5 in Earth Magic
 80730 | Slime:5  | Got a slimy rune of Zot
 80772 | Slime:5  | Reduced skill Axes to level 5
 81501 | Slime:3  | Lost mutation: You are robust. (+10% HP) [a shining eye]
 82088 | Hell     | Entered the Vestibule of Hell
 82088 | Hell     | Noticed Geryon
 82091 | Depths:4 | Lost mutation: Your flesh is cold resistant. (rC+) [potion
                  | of mutation]
 82091 | Depths:4 | Lost mutation: Armour fits poorly on your strangely shaped
                  | body. [potion of mutation]
 82091 | Depths:4 | Lost mutation: You have large cloven feet. [potion of
                  | mutation]
 82091 | Depths:4 | Gained mutation: Your movements are slightly less
                  | encumbered by armour. (ER -2) [potion of mutation]
 82091 | Depths:4 | Gained mutation: Your spells are a little harder to cast,
                  | but a little more powerful. [potion of mutation]
 82091 | Depths:4 | Gained mutation: Scrolls take you a little longer to read.
                  | [potion of mutation]
 82091 | Depths:4 | Gained mutation: You expend magic power (3 MP) to
                  | strengthen your wands. [potion of mutation]
 82148 | Hell     | Banished Geryon
 82202 | Hell     | Found a gateway to the ashen valley of Gehenna.
 82382 | Hell     | Found a gateway to the freezing wastes of Cocytus.
 82576 | Hell     | Found a gateway to the Iron City of Dis.
 82690 | Hell     | Found a gateway to the decaying netherworld of Tartarus.
 82782 | Geh:1    | Entered Level 1 of Gehenna
 83518 | Geh:5    | Reached skill level 15 in Armour
 83914 | Geh:7    | Entered Level 7 of Gehenna
 85551 | Geh:7    | Identified the +7 sceptre of Asmodeus
 85551 | Geh:7    | Noticed Asmodeus
 85556 | Geh:7    | Banished Asmodeus
 85584 | Geh:7    | Identified the amulet of the Princess {Spirit Int+5}
 85584 | Geh:7    | Identified the cursed +1 battleaxe "Qiot Ufa" {vorpal, rC+
                  | Dex+2}
 85585 | Geh:7    | Identified the +3 war axe "Bufegam" {holy, *Drain rElec
                  | rPois SInv}
 85645 | Geh:7    | Got an obsidian rune of Zot
 86212 | Dis:1    | Entered Level 1 of the Iron City of Dis
 87084 | Dis:7    | Entered Level 7 of the Iron City of Dis
 89712 | Dis:7    | Identified the +4 scale mail of the Six Ships {Regen+ Int+5
                  | Dex+7}
 90009 | Dis:7    | Killed from afar by an ancient champion

Illustrated notes

Levels and vault maps discovered:
D:1:      sevenhm_arrival_forest_fort_large_2, layout_loops_cross
D:2:      layout_basic, nicolae_overflow_hidden_temple, uniq_crazy_yiuf_cottage
D:3:      layout_basic
D:4:      layout_cave_pools, temple_fountains, st_stairs_7
D:5:      corexii_shantytown, layout_loops_ring, lightli_church_of_beogh,
          uniq_ijyb
D:6:      minmay_thinvault, layout_loops_ring, grunt_decor_cap
D:7:      layout_basic, hangedman_decor_push, minmay_ruffians
D:8:      layout_basic, lemuel_crystal_altar, minmay_lair_entry_grove
D:9:      layout_loops_cross, amethyst_overflow_temple_binary, enter_bailey_3,
          serial_shops, nicolae_shop_crystal, nicolae_shop_crystal,
          kennysheep_mini
D:10:     layout_irregular_city, orc_0_dummy
D:11:     layout_layer_cave, minmay_crystal_water, grunt_dithmenos_smoke
D:12:     layout_gridville, ebering_ghost_gozag, guppyfry_shop_blood,
          uniq_azrael, uniq_rupert, uniq_frances
D:13:     layout_rooms, serial_bayou, serial_bayou_ford_a, serial_bayou_shore_b,
          serial_bayou_pond_b, serial_bayou_shore_a, basic_altar
D:14:     layout_roguey, david_vaults_5, minmay_misc_feat_doors,
          chequers_serial_rivers_small_3, hangedman_abyss_or_decor_lesser_grid,
          bh_walls_and_bars
D:15:     hangedman_depths_entry_civil_slaughter, layout_long_grid,
          minmay_crystal_room
Temple:   hc_temple_tempest_star
Lair:1:   layout_layer_cave, gauntlet_entry_generic
Lair:2:   minmay_lair_oklob_tunnel, layout_chaotic_city,
          minmay_snake_entry_spellcaster, grunt_megastairs_2,
          infiniplex_staircase_pool_2
Lair:3:   layout_small_grid, gammafunk_ghost_icy,
          nicolae_volcano_entry_two_sided
Lair:4:   layout_concentric_octagons, swamp_mist_pool, basic_altar,
          uniq_nergalle
Lair:5:   layout_cave_pods, portal_ice_cave_rime, grunt_megastairs_4, uniq_snorg
Lair:6:   evilmike_catoblepas_cave, layout_small_grid, slime_altar_2,
          roderic_batcave, minivault_25, st_stairs_8, columned_hall_lemuel
Swamp:1:  gammafunk_the_bubble [the_bubble_gammafunk_split], layout_basic_swamp,
          evilmike_swamp_ruin_wall, uniq_roxanne, uniq_jorgrun, uniq_nikola
Swamp:2:  layout_basic_swamp, nicolae_swamp_feature_on_the_river_bank
Swamp:3:  layout_falls_marsh, nicolae_swamp_fairy_circle
Swamp:4:  swamp_pestilence, layout_basic_swamp, swamp_pool1
Snake:1:  gammafunk_its_a_trap, layout_gridlike, uniq_josephine, uniq_agnes
Snake:2:  layout_layer_cave, lemuel_fruit_tree, uniq_vashnia, uniq_aizul
Snake:3:  layout_basic
Snake:4:  snake_pit, layout_onion, serial_shops, shop_fountains
Slime:1:  layout_caves
Slime:2:  layout_caves
Slime:3:  layout_caves
Slime:4:  layout_caves
Slime:5
Orc:1:    layout_caves
Orc:2:    grunt_orc_community_town_hall, layout_caves,
          grunt_orc_community_big_house_2, grunt_orc_community_big_house_1,
          grunt_orc_community_house_1, grunt_orc_community_house_1,
          grunt_orc_community_house_2, grunt_orc_community_house_2,
          grunt_orc_community_house_2, serial_shops, shop
Elf:1:    layout_geoelf_diagonals, serial_glass, glass_columns_b,
          glass_columns_a, glass_columns_b, glass_columns_b, glass_columns_b,
          glass_columns_a, orc_legates, hangedman_elf_simple_split
Elf:2:    layout_geoelf_octagon
Elf:3:    minmay_elf_hall_x, layout_geoelf_castle, serial_shops, shop_statue
Vaults:1: v_misc_22, nicolae_vaults_triangles,
          nicolae_vaults_lopsided_apartments, vaults_room_grid,
          ontoclasm_vaults_loading_screen, v_misc_25,
          nicolae_vaults_circle_grid_a, hangedman_vaults_stitches,
          hangedman_vaults_capsules, nicolae_vaults_circle_grid_a,
          hangedman_vaults_stagger, layout_vaults_maze_bifur, uniq_asterion,
          uniq_saint_roka
Vaults:2: minmay_crypt_entry_simple_corners, v_alt_pattern_2, v_rooms_1,
          v_pattern_4, st_cross, serial_ice_b, nicolae_vaults_shelves_hall,
          vaults_room_pool, layout_vaults_ring
Vaults:3: v_misc_24, nicolae_vaults_ring_of_whatevers, vaults_room_boxed,
          nicolae_vaults_minivaults, vaults_room_fancy_cross,
          vaults_standard_mumra_x, nicolae_vaults_mini_display_case, v_misc_5,
          ontoclasm_vaults_ligature, vaults_room_fours, hangedman_vaults_locks,
          vaults_room_fancy_cross, grunt_vaults_hallway_long,
          nicolae_vaults_little_squares_5, vaults_room_door_ring,
          layout_vaults_omnibox, serial_shops, shop_fountains
Vaults:4: nicolae_vaults_little_squares_3, ontoclasm_vaults_ring_large,
          ontoclasm_vaults_bender, v_alt_pattern_3, vaults_room_corners,
          ontoclasm_vaults_chip, vaults_dpeg_diagonal, vaults_dpeg_ring,
          layout_vaults_omnigrid
Vaults:5: serial_shops
Crypt:1:  layout_misc_corridors, grunt_crypt_arrival_webbed
Crypt:2:  layout_basic
Crypt:3:  church_of_pain_bobbens, layout_chaotic_city,
          nicolae_tomb_entry_rubble_hallway, minicrypt_bobbens, uniq_jory,
          uniq_mennas
Depths:1: layout_cave_shapes, ebering_ghost_inner_flame,
          okawaru_ov_weapons_minmay, hell_entry, special_room
          [special_room_mythical_zoo], minmay_misc_feat_room,
          minmay_misc_feat_square, kennysheep_generic_room_10,
          infiniplex_staircase_pool_lava, minmay_shop_grove,
          serial_bayou_shore_b
Depths:2: hourglass_vault, layout_cave_pools, enter_ziggurat_a,
          grunt_hell_entry_dis_grunt, chequers_serial_rivers_room_b,
          uniq_bai_suzhen
Depths:3: hangedman_spin_cycle, hell_entry, pan_entry
Depths:4: minmay_triangles_in_corner, layout_cave_pools, pf_coc_iceberg,
          abyss_entry, serial_shops, bzr_in_the_mist, minmay_staircase_bubble
Depths:5: grunt_zot_entry_bicorn, layout_honeycomb, hangedman_abyss_entry_splay,
          corexii_hall_statues_s, hell_entry, minmay_misc_feat_x, uniq_sojobo
Hell
Dis:1:    layout_chaotic_city
Dis:2:    layout_regular_city
Dis:3:    layout_jigsaw
Dis:4:    layout_gridville
Dis:5:    layout_gridville
Dis:6:    layout_jigsaw
Dis:7:    dis_grunt_layers
Geh:1:    layout_gehenna_pools_box, hangedman_hellfire_club
Geh:2:    layout_gehenna_lava_caves
Geh:3:    layout_gehenna_pools_basic
Geh:4:    layout_gehenna_pools_basic
Geh:5:    layout_gehenna_lava_caves
Geh:6:    layout_gehenna_pools_triple, lemuel_old_faithful, lemuel_elevator
Geh:7:    geh_mu

Skill      XL: |  1  2  3  4  5  6  7  8  9 10 11 12 13 14 15 16 17 18 19 20 21 22 23 24 25 26 27 |
---------------+----------------------------------------------------------------------------------+-----
Ice Magic      | 4 5 6 7 9 12 14 15 | 15.6
Spellcasting   | 3 4 5 7 10 14 17 19 | 19.1
Summonings     | 2 3 |  3.4
Fighting       | 7 10 13 18 19 23 | 23.7
Conjurations   | 2 3 5 |  5.1
Dodging        | 3 5 |  5.0
Shields        | 3 8 12 | 12.6
Maces & Flails | 4 8 11 10 1 0 |  0.0
Armour         | 8 10 11 12 21 | 21.2
Air Magic      | 4 10 13 14 15 16 17 19 21 22 | 22.7
Axes           | 5 12 2 |  2.2
Hexes          | 5 |  5.5
Necromancy     | 9 11 | 11.1
Transmutations | 2 9 |  9.4
Polearms       | 16 | 16.3
Earth Magic    | 9 |  9.4
Stealth        | |  1.4

Action                   |  1- 3 |  4- 6 |  7- 9 | 10-12 | 13-15 | 16-18 | 19-21 | 22-24 | 25-27 || total
-------------------------+-------+-------+-------+-------+-------+-------+-------+-------+-------++-------
Melee: Unarmed           |    14 |       |       |       |       |       |       |       |       ||    14
       Short sword       |    24 |       |       |       |       |       |       |       |       ||    24
       Quarterstaff      |       |    97 |   222 |   385 |       |       |       |       |       ||   704
       Morningstar       |       |       |       |    16 |   389 |   333 |       |       |       ||   738
       War axe           |       |       |       |       |       |   956 |  1199 |  1051 |   961 ||  4167
       Demon trident     |       |       |       |       |       |       |       |       |  2416 ||  2416
       Kick              |       |       |       |       |       |       |       |       |   207 ||   207
Throw: Large rock        |       |       |       |       |       |       |       |       |     2 ||     2
 Cast: Freeze            |    47 |       |     4 |    12 |     6 |       |       |       |       ||    69
       Frozen Ramparts   |     1 |     8 |    34 |    90 |    40 |    37 |     1 |       |       ||   211
       Ozocubu's Armour  |       |     1 |       |     3 |       |     3 |     1 |       |     1 ||     9
       Summon Ice Beast  |       |     1 |     7 |    84 |    33 |     2 |       |       |       ||   127
       Hailstorm         |       |       |       |     8 |     2 |     1 |     2 |       |       ||    13
       Airstrike         |       |       |       |       |       |     9 |       |     1 |    14 ||    24
       Conjure Ball Ligh |       |       |       |       |       |    30 |    11 |     2 |       ||    43
       Ozocubu's Refrige |       |       |       |       |       |       |   121 |    73 |    91 ||   285
       Tornado           |       |       |       |       |       |       |       |    10 |    65 ||    75
       Statue Form       |       |       |       |       |       |       |       |       |    36 ||    36
       Summon Mana Viper |       |       |       |       |       |       |       |       |     2 ||     2
       Borgnjor's Vile C |       |       |       |       |       |       |       |       |     1 ||     1
Invok: Curse Item        |       |       |     1 |     3 |     3 |     2 |     1 |       |     6 ||    16
       Transfer Knowledg |       |       |       |       |       |     4 |       |       |     4 ||     8
 Abil: End Transformatio |       |       |       |       |       |       |       |       |     1 ||     1
Evoke: Wand              |       |       |       |     9 |       |       |       |       |       ||     9
       Condenser vane    |       |       |       |       |       |     1 |       |     1 |       ||     2
  Use: Scroll            |       |       |       |    16 |     3 |     2 |    13 |     4 |    18 ||    56
       Potion            |       |       |       |     1 |     9 |     7 |     3 |     2 |     9 ||    31
 Stab: Distracted        |     1 |       |       |     1 |     2 |       |       |       |     5 ||     9
       Petrified         |       |       |     4 |     4 |       |     2 |       |       |       ||    10
       Sleeping          |       |       |     2 |     1 |     4 |       |       |       |       ||     7
       Paralysed         |       |       |     4 |     5 |       |       |       |       |       ||     9
       Petrifying        |       |       |     1 |     1 |       |       |       |       |       ||     2
Armor: Robe              |    35 |    26 |   100 |    52 |    25 |       |       |       |       ||   238
       Troll leather arm |       |       |       |   117 |       |       |       |       |       ||   117
       Ice dragon scales |       |       |       |       |    82 |   538 |   269 |   187 |   226 ||  1302
       Skin              |       |       |       |       |       |       |       |       |   144 ||   144
       Gold dragon scale |       |       |       |       |       |       |       |       |    50 ||    50
       Fire dragon scale |       |       |       |       |       |       |       |       |    41 ||    41
Dodge: Dodged            |    45 |    60 |   104 |   305 |   131 |   503 |   285 |   245 |   427 ||  2105
Block: Kite shield       |       |       |       |    11 |   173 |   737 |    20 |       |       ||   941
       Tower shield      |       |       |       |       |       |       |  1113 |  1029 |  2343 ||  4485

Table legend: (Time is in decaauts)
 A = Elapsed time spent in this place.
 B = Non-inter-level travel time spent in this place.
 C = Inter-level travel time spent in this place.
 D = Time resting spent in this place.
 E = Time spent auto-exploring this place.
 F = Levels seen in this place.
 G = Mean time per level.
                   A        B        C        D        E       F      G
               +--------+--------+--------+--------+--------+-----+--------+
         Total |  89349 |  83923 |   5426 |  14145 |  52742 |  73 | 1224.0 |
       Dungeon |  21366 |  19924 |   1442 |   1963 |  14452 |  15 | 1424.4 |
        Temple |    174 |    140 |     34 |      0 |    133 |   1 |  174.0 |
          Lair |  10021 |   9011 |   1010 |    988 |   6746 |   6 | 1670.2 |
         Swamp |   5140 |   5009 |    131 |    386 |   3560 |   4 | 1285.0 |
     Snake Pit |   7706 |   7358 |    348 |   1705 |   4513 |   4 | 1926.5 |
    Slime Pits |   2037 |   1987 |     50 |    861 |    652 |   5 |  407.4 |
  Orcish Mines |   3045 |   2845 |    200 |    721 |   1530 |   2 | 1522.5 |
   Elven Halls |   5679 |   5444 |    235 |   1293 |   3289 |   3 | 1893.0 |
        Vaults |   9419 |   8581 |    838 |   1022 |   6024 |   5 | 1883.8 |
         Crypt |   4044 |   3799 |    245 |    645 |   2260 |   3 | 1348.0 |
        Depths |   8370 |   7978 |    392 |   1052 |   5372 |   5 | 1674.0 |
          Hell |    778 |    689 |     89 |     91 |    403 |   1 |  778.0 |
           Dis |   4011 |   3922 |     89 |   1423 |   1178 |   7 |  573.0 |
       Gehenna |   3328 |   3009 |    319 |    533 |    935 |   7 |  475.4 |
        Bazaar |    265 |    265 |      0 |      0 |    209 |   1 |  265.0 |
        Bailey |   1039 |   1039 |      0 |    413 |    398 |   1 | 1039.0 |
      Ice Cave |   1805 |   1805 |      0 |    588 |    844 |   1 | 1805.0 |
       Volcano |    571 |    571 |      0 |    100 |    240 |   1 |  571.0 |
      Gauntlet |    545 |    545 |      0 |    360 |      0 |   1 |  545.0 |
               +--------+--------+--------+--------+--------+-----+--------+

Top non-repeatable levels by time:
   Dis:7: 3101 daAuts
 Snake:2: 2720 daAuts
   Elf:3: 2693 daAuts
  Lair:2: 2290 daAuts
     D:8: 2260 daAuts
Vaults:4: 2247 daAuts
Vaults:5: 2237 daAuts
   Orc:2: 2223 daAuts
   Geh:7: 2200 daAuts
 Snake:1: 2101 daAuts
Depths:5: 2032 daAuts
  Lair:6: 1955 daAuts
Depths:1: 1947 daAuts
    D:15: 1920 daAuts
   IceCv: 1805 daAuts
